 Dungeon Crawl Stone Soup version 0.28-a0-1429-gf3d713df7a (webtiles) character file.

Game seed: 8674168335837381644

252 HallandMoats the Shield-Bearer (level 6, -4/32 HPs)
             Began as a Vine Stalker Fighter on Jan 9, 2022.
             Was an Initiate of the Shining One.
             Slain by an orc warrior (12 damage)
             ... on level 7 of the Dungeon.
             The game lasted 00:04:03 (3460 turns).

HallandMoats the Shield-Bearer (VSFi)               Turns: 3460, Time: 00:04:03

Health: -4/32      AC:  6    Str: 24    XL:     6   Next: 14%
Magic:  0/7        EV: 12    Int:  8    God:    the Shining One [......]
Gold:   174        SH:  5    Dex: 18    Spells: 5/5 levels left

rFire   . . .      SeeInvis .   a - +0 war axe
rCold   . . .      Faith    .   c - +0 buckler
rNeg    . . .      Spirit   +   p - +2 leather armour of Weightlessness {Str+4 Dex+4}
rPois   .          Reflect  .   (no helmet)
rElec   .          Harm     .   k - +0 cloak
rCorr   .          Rampage  .   (no gloves)
Will    .....                   (no boots)
Stlth   +.........              j - amulet of regeneration
HPRegen 1.70/turn               (no ring)
MPRegen 0.10/turn               (no ring)

@: brilliant, attractive, glowing
A: fangs 2, regeneration 1, magic shield, antimagic bite, no potion heal 2
a: Renounce Religion


You were on level 7 of the Dungeon.
You worshipped the Shining One.
The Shining One was noncommittal.
You visited 1 branch of the dungeon, and saw 5 of its levels.

You collected 174 gold pieces.

Inventory:

Hand Weapons
 a - a +0 war axe (weapon)
Armour
 c - a +0 buckler (worn)
 k - a +0 cloak (worn)
 p - the +2 leather armour of Weightlessness (worn) {Str+4 Dex+4}
   (You found it on level 4 of the Dungeon)

   Str:       It affects your strength (+4).
   Dex:       It affects your dexterity (+4).
Jewellery
 j - an amulet of regeneration (around neck)
Scrolls
 d - a scroll of noise {unknown}
 f - a scroll of teleportation {unknown}
 g - a scroll of immolation {unknown}
 i - a scroll of blinking {unknown}
 l - 3 scrolls of identify {unknown}
 n - a scroll of fear {unknown}
Potions
 e - 2 potions of curing


   Skills:
 + Level 3.5 Fighting
 + Level 3.0 Axes
 + Level 3.3 Armour
 + Level 1.8 Dodging
 + Level 3.6 Shields


You had 5 spell levels left.
You didn't know any spells.
Your spell library was empty.

Dungeon Overview and Level Annotations

Branches:
Dungeon (4/15)             Temple (0/1) D:4

Altars:
Elyvilon
Sif Muna
Zin
The Shining One

Annotations:
D:3 3 runed translucent doors, enile's ghost, amateur MiWn


Innate Abilities, Weirdness & Mutations

You have extremely sharp teeth.
Your natural rate of healing is unusually fast.
When hurt, damage is shared between your health and your magic reserves.
Your bite disrupts and absorbs the magic of your enemies.
Potions cannot restore your health.


Message History

You feel attractive to monsters.
The orc warrior hits you with a +0 short sword.
It was a potion of brilliance.
You feel clever all of a sudden. The orc warrior closely misses you.
It was a potion of heal wounds.
That seemed strangely inert.
The orc warrior hits you with a +0 short sword!
You closely miss the orc warrior. You block the orc warrior's attack.
The orc warrior closely misses you.
You slash the orc warrior! Your bite misses the orc warrior.
The orc warrior is moderately wounded.
The orc warrior hits you with a +0 short sword!
You closely miss the orc warrior. Your bite misses the orc warrior.
The orc warrior is moderately wounded.
You block the orc warrior's attack. The orc warrior barely misses you.
You hit the orc warrior but do no damage.
Your bite misses the orc warrior.
The orc warrior is moderately wounded.
The orc warrior closely misses you.
You closely miss the orc warrior. You bite the orc warrior.
You drain its power.
You feel invigorated.
The orc warrior is heavily wounded.
The orc warrior hits you with a +0 short sword!
You hit the orc warrior. You bite the orc warrior. You drain its power.
You feel invigorated.
The orc warrior is severely wounded.
The orc warrior barely misses you.
The orc warrior hits you with a +0 short sword.
You barely miss the orc warrior.
The orc warrior is severely wounded.
The orc warrior closely misses you.
You hit the orc warrior but do no damage.
Your bite misses the orc warrior.
The orc warrior is severely wounded.
The orc warrior hits you with a +0 short sword! x2
* * * LOW HITPOINT WARNING * * *
You hit the orc warrior but do no damage.
The orc warrior is severely wounded.
The orc warrior hits you with a +0 short sword!
You die...

##+# #...
#...
########..#
#.....#..##
#.###.#...#
#.###.o..#
#..##@#...#
##....#..##
##+####..#
#... #...
##+#


You could see an orc warrior.

Vanquished Creatures
  A howler monkey (D:4)
  A hound (D:4)
  A centaur skeleton (D:7)
  Terence (D:2)
  3 adders (D:3)
  An ufetubus (D:4)
  2 worms
  3 dart slugs
  5 orcs (D:4)
  7 ball pythons
  8 endoplasms
  3 giant cockroaches
  7 goblins
  5 hobgoblins
  7 jackals
  6 kobolds
  3 quokkas
  6 bats
  5 frilled lizards
  5 rats
80 creatures vanquished.

Vanquished Creatures (others)
  15 plants (D:3)
15 creatures vanquished.

Grand Total: 95 creatures vanquished

Notes
Turn   | Place    | Note
-------+----------+-------------------------------------------
     0 | D:1      | HallandMoats the Vine Stalker Fighter began the quest for
                  | the Orb.
     0 | D:1      | Reached XP level 1. HP: 11/11 MP: 2/2
   453 | D:1      | Reached XP level 2. HP: 16/16 MP: 3/3
  1122 | D:2      | Noticed Terence
  1132 | D:2      | Killed Terence
  1133 | D:2      | Reached XP level 3. HP: 6/20 MP: 0/4
  1136 | D:2      | Reached skill level 1 in Dodging
  1548 | D:2      | Gained mutation: Your natural rate of healing is unusually
                  | fast. [Vine Stalker growth]
  1548 | D:2      | Reached XP level 4. HP: 23/24 MP: 3/5
  2022 | D:3      | Found a shimmering blue altar of Sif Muna.
  2251 | D:3      | Found a runed translucent gate.
  2252 | D:3      | Found a runed translucent gate.
  2253 | D:3      | Found a runed translucent gate.
  2254 | D:3      | Noticed enile's ghost (amateur MiWn)
  2345 | D:3      | Reached XP level 5. HP: 25/28 MP: 4/6
  2440 | D:3      | Found a glowing golden altar of the Shining One.
  2440 | D:3      | Found a glowing silver altar of Zin.
  2441 | D:3      | Found a white marble altar of Elyvilon.
  2712 | D:3      | Became a worshipper of the Shining One
  2905 | D:4      | Found a staircase to the Ecumenical Temple.
  3222 | D:4      | Identified the +2 leather armour of Weightlessness {Str+4
                  | Dex+4}
  3373 | D:4      | Reached XP level 6. HP: 32/32 MP: 4/7
  3432 | D:4      | You fall into a shaft and drop 3 floors!
  3445 | D:7      | Noticed an orc warrior
  3446 | D:7      | Noticed a sky beast
  3460 | D:7      | Slain by an orc warrior

Illustrated notes

Levels and vault maps discovered:
D:1:      kilobyte_arrival_exit_the_forest, layout_basic
D:2:      layout_rooms, uniq_terence
D:3:      layout_loops_corners, good_gods_temple_1, led_sif_book,
          gammafunk_ghost_necromancy, serial_bayou_lake_a
D:4:      layout_loops_corners, minmay_temple_entry_large_hall
D:7:      minmay_the_grid_octo_tiled_squarecenter [minmay_the_grid_octo_toaster,
          minmay_the_grid_octo_chip, minmay_the_grid_octo_pinwheel,
          minmay_the_grid_octo_clover,
          minmay_the_grid_square_5x5_megaprize_hollow,
          minmay_the_grid_square_5x5_spiral_small,
          minmay_the_grid_square_5x5_bite, minmay_the_grid_square_5x5_slash,
          minmay_the_grid_square_5x5_inner_z], layout_rooms,
          amcnicky_altar_gilded, nzn_wu_jian_council_hall, serial_shops,
          nicolae_shop_behind_doors, hangedman_glass_teeth, uniq_prince_ribbit1

Skill      XL: |  1  2  3  4  5  6 |
---------------+-------------------+-----
Axes           | 2 3 |  3.0
Fighting       | 3 |  3.5
Shields        | 3 |  3.6
Dodging        | 1 |  1.8
Armour         | 3 |  3.3

Action                   |  1- 3 |  4- 6 || total
-------------------------+-------+-------++-------
Melee: War axe           |    73 |   116 ||   189
       Bite              |    13 |    21 ||    34
  Use: Potion            |     1 |     4 ||     5
Armor: Scale mail        |    35 |    63 ||    98
       Leather armour    |       |     7 ||     7
Dodge: Dodged            |    25 |    73 ||    98
Block: Buckler           |    28 |    46 ||    74

Table legend: (Time is in decaauts)
 A = Elapsed time spent in this place.
 B = Non-inter-level travel time spent in this place.
 C = Inter-level travel time spent in this place.
 D = Time resting spent in this place.
 E = Time spent auto-exploring this place.
 F = Levels seen in this place.
 G = Mean time per level.
                   A        B        C        D        E       F      G
               +--------+--------+--------+--------+--------+-----+--------+
         Total |   3595 |   3452 |    143 |      0 |   2851 |   5 |  719.0 |
       Dungeon |   3595 |   3452 |    143 |      0 |   2851 |   5 |  719.0 |
               +--------+--------+--------+--------+--------+-----+--------+

Top non-repeatable levels by time:
     D:3: 1108 daAuts
     D:1: 1108 daAuts
     D:2: 800 daAuts
     D:4: 545 daAuts
     D:7: 32 daAuts
